 Dungeon Crawl Stone Soup version 0.28.0-43-g3370ac3207 (webtiles) character file.

Game seed: 4329590661354393152

61 fragbeetle the Ruffian (level 3, -2/42 HPs)
             Began as a Draconian Transmuter on Mar 9, 2022.
             Slain by a scorpion (3 damage)
             ... on level 2 of the Dungeon.
             The game lasted 00:03:26 (1748 turns).

fragbeetle the Ruffian (Draconian Transmuter)       Turns: 1748, Time: 00:03:27

Health: -2/42      AC:  5    Str: 14    XL:     3   Next: 83%
Magic:  6/6        EV: 12    Int: 13    God:
Gold:   66         SH:  0    Dex: 11    Spells: 2/6 levels left

rFire   . . .      SeeInvis .     - Unarmed
rCold   . . .      Faith    .   (no shield)
rNeg    . . .      Spirit   .   (armour unavailable)
rPois   .          Reflect  .   (helmet currently unavailable)
rElec   .          Harm     .   (no cloak)
rCorr   .          Rampage  .   (no gloves)
Will    .....                   (boots currently unavailable)
Stlth   ..........              (no amulet)
HPRegen 0.14/turn               (no ring)
MPRegen 0.10/turn               (no ring)

@: berserking, lethally poisoned (-2 -> -10), appendages (expiring), very quick
A: horns 2, talons 2, AC +5, unfitting armour, cold-blooded
a: End Transformation


You were on level 2 of the Dungeon.
You had temporarily grown beastly horns and talons.
You visited 1 branch of the dungeon, and saw 3 of its levels.

You collected 66 gold pieces.

Inventory:

Missiles
 c - 6 boomerangs
 m - 46 stones
Armour
 a - a +1 pair of boots (melded)
Scrolls
 e - 2 scrolls of enchant armour {unknown}
 f - a scroll of immolation {unknown}
 h - a scroll of identify {unknown}
 l - a scroll of summoning {unknown}
Potions
 b - a potion of degeneration {unknown}
 d - a potion of cancellation {unknown}
 i - a potion of lignification {unknown}
 j - a potion of curing {unknown}
 k - a potion of attraction {unknown}


   Skills:
 - Level 1.1 Fighting
 - Level 1.7 Dodging
 - Level 4.0 Unarmed Combat
 - Level 2.0 Spellcasting
 + Level 3.3 Transmutations


You had 2 spell levels left.
You knew the following spells:

 Your Spells              Type           Power      Damage    Failure   Level
a - Beastly Appendage     Tmut           18%        N/A       7%          1
b - Spider Form           Tmut/Pois      5%         N/A       36%         3

Your spell library contained the following spells:

 Spells                   Type           Power      Damage    Failure   Level
 Wereblood                Tmut           9%         N/A       10%         2
 Passwall                 Tmut/Erth      4%         N/A       21%         2
 Sandblast                Erth           2%         2d4       26%         1
 Stone Arrow              Conj/Erth      2%         3d7       58%         3
 Ice Form                 Ice/Tmut       5%         N/A       78%         4


Dungeon Overview and Level Annotations

Branches:
Dungeon (3/15)

Altars:

Shops:
D:2 *


Innate Abilities, Weirdness & Mutations

You have temporarily grown beastly horns and talons.
Your plain brown scales are hard. (AC +5)
You cannot fit into any form of body armour.
You are cold-blooded and may be slowed by cold attacks.


Message History

Unknown command.
You aren't carrying any items that you can evoke.
Unknown command.
You hit the scorpion but do no damage.
The scorpion stings you but does no damage.
You hit the scorpion but do no damage.
Your tail-slap misses the scorpion.
The scorpion stings you!
You are poisoned.
The scorpion poisons you!
You hit the scorpion.
The scorpion is moderately wounded.
You feel very sick.
The scorpion stings you but does no damage.
You hit the scorpion. Your kick misses the scorpion.
The scorpion is heavily wounded.
You feel very sick. The scorpion stings you.
You are lethally poisoned!
The scorpion poisons you!
You hit the scorpion. Your kick misses the scorpion.
You tail-slap the scorpion, but do no damage.
The scorpion is heavily wounded.
* * * LOW HITPOINT WARNING * * *
You feel very sick. The scorpion stings you.
* * * LOW HITPOINT WARNING * * *
The scorpion barely misses you.
You closely miss the scorpion.
You claw the scorpion, but do no damage.
Your tail-slap misses the scorpion.
The scorpion is heavily wounded.
* * * LOW HITPOINT WARNING * * *
You feel very sick. The scorpion closely misses you.
It was a potion of berserk rage.
A red film seems to cover your vision as you go berserk!
You feel yourself moving faster!
You feel mighty!
* * * LOW HITPOINT WARNING * * *
You feel sick. The scorpion stings you.
You die...

.....####### ###.#
##### .#.......#
#.#.# ##.......#
##.#.# #.......#
#....# #.......#
#..#.#### #.......#
#....<..# ##..)....#
#....#### #........#
###.s..# .........#
#..@.#.# ##.......#
#....#.# #.......##
##....#.#
#######..###..##.#.#
##......##.#.#
#.).#)##..#.#
########.....##.##.#
#####
##........##..##.##.#
#####...#
#....###..#...#...#.#
#.....###


You could see a scorpion.

Vanquished Creatures
  An adder (D:2)
  3 dart slugs
  5 endoplasms
  2 giant cockroaches (D:1)
  5 goblins
  6 hobgoblins
  A quokka (D:2)
  4 ball pythons
  5 bats
  4 frilled lizards
  5 kobolds
  4 rats
45 creatures vanquished.

Notes
Turn   | Place    | Note
-------+----------+-------------------------------------------
     0 | D:1      | fragbeetle the Draconian Transmuter began the quest for the
                  | Orb.
     0 | D:1      | Reached XP level 1. HP: 16/16 MP: 3/3
    57 | D:1      | Found a faded altar of an unknown god.
   145 | D:1      | Reached XP level 2. HP: 6/23 MP: 3/5
   770 | D:1      | Reached XP level 3. HP: 28/28 MP: 6/6
  1308 | D:2      | Found Veg Xogo's Assorted Antiques.
  1595 | D:3      | Reached skill level 4 in Unarmed Combat
  1606 | D:3      | Learned a level 3 spell: Spider Form
  1734 | D:3      | Noticed a scorpion
  1748 | D:2      | HP: 1/42 [poisoned by a scorpion]
  1748 | D:2      | Slain by a scorpion

Illustrated notes

Levels and vault maps discovered:
D:1:      ncdulo_wetmaze, layout_rooms, ebering_ecumenical_altar_mist,
          chequers_mini_garden
D:2:      layout_rooms, serial_shops, nicolae_shop_waterfront,
          nicolae_concentric_dashed_squares_mild, minmay_misc_feat_roman
D:3:      layout_rooms

Skill      XL: |  1  2  3 |
---------------+----------+-----
Transmutations | 3 |  3.3
Unarmed Combat | 4 |  4.0
Fighting       | |  1.1
Dodging        | |  1.7
Spellcasting   | |  2.0

Action                   || total
-------------------------++-------
Melee: Unarmed           ||   118
       Kick              ||    17
       Tailslap          ||    12
       Headbutt          ||    11
       Punch             ||     3
 Cast: Beastly Appendage ||    22
  Use: Potion            ||     1
Armor: Skin              ||    37
Dodge: Dodged            ||    85
